 Dungeon Crawl Stone Soup version 0.25.1-1-g288607f (webtiles) character file.

Game seed: 6741483653429399890

2569 Gadfly the Grappler (level 9, -8/126 HPs)
             Began as a Troll Fighter on July 22, 2020.
             Was a Follower of the Shining One.
             Splashed by an acid dragon's acid (9 damage)
             ... on level 7 of the Dungeon.
             The game lasted 00:09:41 (5122 turns).

Gadfly the Grappler (Troll Fighter)                 Turns: 5122, Time: 00:09:42

Health: -8/126     AC:  2    Str: 26    XL:     9   Next: 31%
Magic:  17/17      EV:  9    Int:  4    God:    the Shining One [*.....]
Gold:   118        SH: 10    Dex: 12    Spells: 8/8 levels left

rFire    . . .     SeeInvis .     - Unarmed
rCold    . . .     Gourm    +   j - +0 kite shield
rNeg     . . .     Faith    .   a - +0 robe
rPois    .         Spirit   .   (helmet restricted)
rElec    .         Reflect  .   (no cloak)
rCorr    .         Harm     .   (gloves unavailable)
MR       .....                  (boots unavailable)
Stlth    ..........             w - amulet of magic regeneration
HPRegen  0.71/turn              v - ring of magical power
MPRegen  0.40/turn              (no ring)

@: berserking, corroded, glowing, very quick
A: large, unfitting armour, claws 3, fast metabolism 3, gourmand, regeneration
1, shaggy fur 1, tough skin 3
a: Renounce Religion


You were on level 7 of the Dungeon.
You worshipped the Shining One.
The Shining One was aware of your devotion.
You were completely stuffed.

You visited 2 branches of the dungeon, and saw 8 of its levels.

You collected 382 gold pieces.
You spent 264 gold pieces at shops.

Inventory:

Hand Weapons
 b - a +3 whip of freezing
 n - a +1 vorpal trident
 o - a +1 mace of holy wrath
Armour
 a - a +0 robe (worn)
 j - a +0 kite shield (worn)
Jewellery
 v - a ring of magical power (left claw)
 w - an amulet of magic regeneration (around neck)
Scrolls
 l - 3 scrolls of remove curse
 m - a scroll of identify
 p - 2 scrolls of teleportation
 u - 2 scrolls of blinking
Potions
 e - a potion of flight {unknown}
 f - a potion of might
 g - 2 potions of cancellation {unknown}
 h - a potion of stabbing {unknown}
 i - a potion of curing
 k - a potion of haste {unknown}
 q - a potion of mutation
 r - a potion of berserk rage
Comestibles
 c - 4 chunks of flesh
 d - 10 rations


   Skills:
 + Level 3.9 Fighting
 + Level 5.1 Armour
 - Level 2.4 Dodging
 * Level 4.9 Shields
 * Level 9.2 Unarmed Combat


You had 8 spell levels left.
You didn't know any spells.
Your spell library was empty.

Dungeon Overview and Level Annotations

Branches:
Dungeon (7/15)             Temple (1/1) D:6

Altars:
Cheibriados
Fedhas
Makhleb
Nemelex Xobeh
Okawaru
Qazlal
Ru
Trog
Xom
Yredelemnul
Zin
The Shining One

Shops:
D:5 !

Annotations:
D:4 3 runed translucent doors, luxidream's ghost, amateur VSTm


Innate Abilities, Weirdness & Mutations

You are too large for most types of armour.
You have claws for hands.
Your metabolism is lightning-fast.
You like to eat raw meat.
Your natural rate of healing is unusually fast.
You are covered in fur. (AC +1)
You have extremely tough skin. (AC +3)


Message History

The hippogriff is moderately wounded.
You block the hippogriff's attack.
The hippogriff pecks you but does no damage.
The hippogriff claws you. The acid dragon spits acid at you.
The splash of acid hits you!
* * * LOW HITPOINT WARNING * * *
You are splashed with acid!
The Shining One protects you from harm!
You hear a shout!
A red film seems to cover your vision as you go berserk!
You feel yourself moving faster!
You feel mighty! The hippogriff bites you!
* * * LOW HITPOINT WARNING * * *
You block the hippogriff's attack. The hippogriff claws you.
* * * LOW HITPOINT WARNING * * *
The acid dragon spits acid at you. The splash of acid hits you!
* * * LOW HITPOINT WARNING * * *
The acid corrodes you!
You are splashed with acid!
You die...

# ##.# .... #. .......
.... # #.>.... #.
#......# ##...
.......##.....#####
##..##.........H@.#
##.............D..##
##...## ...........###
#....# #......[.....#
.....####............#
......##............##
......##............#
#.................###
...........>......#


You could see a hippogriff and an acid dragon (catching breath).

Vanquished Creatures
  Grinder (D:3)
  A wyvern (D:5)
  2 hungry ghosts
  An orc warrior (D:5)
  2 ice beasts
  A sky beast (D:6)
  2 ogres
  A centaur (D:7)
  A big kobold (D:7)
  A bullfrog (D:5)
  2 scorpions
  3 jellies
  4 killer bees (D:6)
  3 howler monkeys
  2 crimson imps
  3 hounds
  2 bullfrog skeletons
  An orc priest (D:6)
  2 orc wizards (D:3)
  A centaur skeleton (D:5)
  Natasha (twice) (D:3)
  4 worker ants
  A hound skeleton (D:4)
  4 gnolls (D:6)
  6 adders
  An ooze (D:3)
  An adder zombie (D:6)
  2 adder skeletons (D:5)
  2 worms
  3 dart slugs
  5 leopard geckos
  25 orcs
  8 giant cockroaches
  3 goblins
  5 hobgoblins
  11 jackals
  4 quokkas
  2 ball pythons
  6 bats
  3 frilled lizards
  11 kobolds
  A quokka skeleton (D:6)
  11 rats
157 creatures vanquished.

Notes
Turn   | Place    | Note
-------+----------+-------------------------------------------
     0 | D:1      | Gadfly the Troll Fighter began the quest for the Orb.
     0 | D:1      | Reached XP level 1. HP: 22/22 MP: 0/0
    55 | D:1      | Reached XP level 2. HP: 29/29 MP: 1/1
   601 | D:2      | Reached skill level 1 in Armour
   621 | D:2      | Reached skill level 3 in Unarmed Combat
   628 | D:2      | Reached XP level 3. HP: 36/36 MP: 2/2
  1030 | D:2      | Reached XP level 4. HP: 33/44 MP: 3/3
  1251 | D:3      | Noticed Grinder
  1253 | D:3      | Paralysed by Grinder for 5 turns
  1263 | D:3      | HP: 2/44 [Grinder (5)]
  1359 | D:3      | Killed Grinder
  1359 | D:3      | Reached skill level 5 in Unarmed Combat
  1359 | D:3      | Reached XP level 5. HP: 50/50 MP: 4/4
  1370 | D:3      | Reached XP level 6. HP: 52/59 MP: 5/5
  1420 | D:3      | Noticed Natasha
  1428 | D:3      | Killed Natasha
  1526 | D:3      | Noticed Natasha
  1534 | D:3      | Killed Natasha
  1889 | D:4      | Found a runed translucent gate.
  1890 | D:4      | Found a runed translucent gate.
  1891 | D:4      | Found a runed translucent gate.
  2015 | D:4      | Reached skill level 6 in Unarmed Combat
  2142 | D:4      | Reached XP level 7. HP: 66/66 MP: 6/6
  2350 | D:4      | Noticed luxidream's ghost (amateur VSTm)
  2683 | D:5      | Entered Level 5 of the Dungeon
  2717 | D:5      | Noticed a hungry ghost
  2729 | D:5      | Killed a hungry ghost
  2729 | D:5      | Reached skill level 7 in Unarmed Combat
  2958 | D:5      | Reached XP level 8. HP: 61/74 MP: 7/7
  3090 | D:5      | Found Wanoam's Distillery.
  3188 | D:5      | Bought a potion of mutation for 96 gold pieces
  3188 | D:5      | Bought a potion of berserk rage for 60 gold pieces
  3188 | D:5      | Bought a potion of curing for 36 gold pieces
  3188 | D:5      | Bought a potion of heal wounds for 60 gold pieces
  3188 | D:5      | Bought a potion of degeneration for 12 gold pieces
  3387 | D:5      | Reached skill level 8 in Unarmed Combat
  3434 | D:6      | Found a staircase to the Ecumenical Temple.
  3669 | Temple   | Entered the Ecumenical Temple
  3750 | Temple   | Became a worshipper of the Shining One
  3975 | D:6      | Found an iron altar of Okawaru.
  4679 | D:6      | HP: 5/112 [poisoned by a killer bee]
  4683 | D:6      | Reached XP level 9. HP: 30/83 MP: 8/8
  4857 | D:7      | Reached skill level 5 in Armour
  4857 | D:7      | Reached skill level 9 in Unarmed Combat
  5112 | D:7      | Reached * piety under the Shining One
  5121 | D:7      | The Shining One protects you from harm!
  5122 | D:7      | HP: 1/126 [acid dragon/splash of acid (14)]
  5122 | D:7      | Splashed by an acid dragon's acid

Illustrated notes

Levels and vault maps discovered:
D:1:      minmay_arrival_shattered_statue, layout_loops_ring
D:2:      layout_loops_ring, minmay_misc_feat_iff
D:3:      layout_rooms, uniq_natasha, uniq_grinder
D:4:      layout_loops_ring, gammafunk_ghost_icy
D:5:      layout_basic, serial_shops, nicolae_shop_crystal, first_ration
D:6:      layout_basic, minmay_temple_entry_crystal_x, nrook_mini_backslash,
          okawaru_ov_weapons_minmay
D:7:      layout_cave_pools, grunt_ogre_cave
Temple:   minmay_crystal_snake_temple

Skill      XL: |  1  2  3  4  5  6  7  8  9 |
---------------+----------------------------+-----
Armour         | 1 2 3 4 5 |  5.1
Unarmed Combat | 3 5 6 7 8 9 |  9.2
Shields        | 4 |  4.9
Fighting       | 3 |  3.9
Dodging        | |  2.4

Action                   |  1- 3 |  4- 6 |  7- 9 || total
-------------------------+-------+-------+-------++-------
Melee: Unarmed           |   101 |    85 |   261 ||   447
       Trident           |       |     1 |       ||     1
  Use: Scroll            |     3 |     5 |     5 ||    13
       Potion            |       |     1 |     6 ||     7
 Stab: Sleeping          |     1 |       |     1 ||     2
       Distracted        |     1 |       |       ||     1
  Eat: Chunk             |    15 |    10 |    42 ||    67
Armor: Robe              |    30 |    26 |    74 ||   130
       Skin              |       |       |    47 ||    47
Dodge: Dodged            |    33 |    16 |    98 ||   147
Block: Kite shield       |    58 |    27 |   133 ||   218
